 Dungeon Crawl Stone Soup version 0.30.1-11-g7821555f0a (webtiles) character file.

Game seed: 2526767778753282927

133 VictoriousLee the Digger (level 5, -3/28 HPs)
             Began as a Gargoyle Earth Elementalist on Nov 9, 2023.
             Constricted to death by Robin (4 damage)
             ... on level 4 of the Dungeon on Nov 11, 2023.
             The game lasted 00:16:13 (2323 turns).

VictoriousLee the Digger (GrEE)                     Turns: 2323, Time: 00:16:14

Health: -3/28      AC:  7    Str: 12    XL:     5   Next: 16%
Magic:  9/9        EV:  8    Int: 17    God:
Gold:   184        SH:  0    Dex: 10    Spells: 4/10 levels left

rFire   . . .        u - +8 flail of Zaekhlik {chaos, rPois SInv}
rCold   . . .        (no shield)
rNeg    + . .        a - +0 robe
rPois   ∞            (no helmet)
rElec   +            (no cloak)
rCorr   .            i - +0 pair of gloves
SInv    +            (no boots)
Will    .....        (no amulet)
Stlth   ++           (no ring)
HPRegen 0.24/turn    (no ring)
MPRegen 0.11/turn

%: no passive effects
@: brilliant, grasped by roots, constricted
A: sickness immunity, AC +4, negative energy resistance 1, electricity
resistance, torment resistance 1, petrification resistance
a: no special abilities


You were on level 4 of the Dungeon.
You visited 1 branch of the dungeon, and saw 4 of its levels.

You collected 184 gold pieces.

Inventory:

Hand Weapons
 e - a +0 hand axe
 f - a +0 flail
 g - a +0 whip
 l - a +1 dagger of freezing
 u - the +8 flail of Zaekhlik (weapon) {chaos, rPois SInv}
   (You found it on level 2 of the Dungeon)

   rPois:     It protects you from poison.
   SInv:      It lets you see invisible.
 x - a +0 broad axe
 C - the +11 falchion "Subar" {flame, rElec rCorr}
   (You found it on level 3 of the Dungeon)

   rElec:     It insulates you from electricity.
   rCorr:     It protects you from acid and corrosion.
Missiles
 c - 22 stones
 B - 3 poisoned darts
Armour
 a - a +0 robe (worn)
 i - a +0 pair of gloves (worn)
 n - a +0 chain mail
Scrolls
 h - a scroll of teleportation {unknown}
 t - 2 scrolls of fear {unknown}
 v - a scroll of amnesia {unknown}
 y - 2 scrolls of immolation {unknown}
 z - a scroll of magic mapping {unknown}
 A - 3 scrolls of identify {unknown}
Potions
 b - 2 potions of magic
 d - 4 potions of curing {unknown}
 j - a potion of resistance {unknown}
 k - a potion of flight {unknown}
 m - 2 potions of brilliance
 o - a potion of invisibility {unknown}
 p - a potion of ambrosia {unknown}
 q - a potion of berserk rage {unknown}
 r - 3 potions of attraction {unknown}
 s - a potion of haste {unknown}
 w - a potion of mutation {unknown}
 D - a potion of cancellation {unknown}


   Skills:
 - Level 1.5 Dodging
 - Level 2.1 Stealth
 - Level 3.0 Spellcasting
 - Level 0.7 Transmutations
 * Level 6.1 Earth Magic


You had 4 spell levels left.
You knew the following spells:

 Your Spells              Type           Power      Damage    Failure   Level
a - Sandblast             Erth           70%        2d15      1%          1
b - Stone Arrow           Conj/Erth      38%        3d9       14%         3
p - Passwall              Tmut/Erth      17%        N/A       6%          2

Your spell library contained the following spells:

 Spells                   Type           Power      Damage    Failure   Level
 Beastly Appendage        Tmut           14%        N/A       13%         1
 Wereblood                Tmut           7%         N/A       21%         2
 Petrify                  Tmut/Erth      21%        N/A       38%         4
 Spider Form              Tmut/Pois      5%         N/A       41%         3


Dungeon Overview and Level Annotations

Branches:
Dungeon (4/15)
 Temple: D:4-7

Altars:
Ashenzari

Shops:
D:3 [

Annotations:
D:4 Robin


Innate Abilities, Weirdness & Mutations

You are immune to sickness and miasma.
Your stone body is resilient. (AC +4)
You are immune to poison.
You resist negative energy. (rN+)
You are resistant to electric shocks. (rElec)
You are resistant to unholy torment.
You are immune to petrification.


Message History

Okay, then.
You hit the goblin.
You kill the goblin!
You sock the hobgoblin!
You kill the hobgoblin!
Robin throws the goblin at you! The goblin hits you with a +0 club.
Robin roars a battlecry!
The goblins go into a battle-frenzy!
You hear a shout!
You closely miss the goblin. The goblin barely misses you.
The goblin closely misses you.
You completely miss the goblin. The goblin hits you with a +0 club.
The goblin closely misses you.
You closely miss the goblin. The goblin hits you with a +0 club.
The goblin closely misses you.
A goblin comes into view. It is wielding a +0 club.
Robin zaps a wand.
The roots erupt in riotous growth!
The goblin is unaffected.
The grasping roots grab you!
Robin is unaffected.
The grasping roots constrict you.
* * * LOW HITPOINT WARNING * * *
The goblin barely misses you. The goblin hits you with a +0 club.
* * * LOW HITPOINT WARNING * * *
Okay, then.
You escape the roots grasp.
You thump the goblin! You burn the goblin.
You kill the goblin!
The goblin hits you with a +0 club.
* * * LOW HITPOINT WARNING * * *
It was a potion of brilliance.
You feel clever all of a sudden. The goblin hits you but does no damage.
You sock Robin!
Robin is heavily wounded.
Robin zaps a wand.
The roots erupt in riotous growth!
The grasping roots grab you!
The goblin is unaffected.
Robin is unaffected.
The grasping roots constrict you. The goblin hits you with a +0 club.
* * * LOW HITPOINT WARNING * * *
Robin misses you. The grasping roots constrict you.
You die... #gg

#.# #.# #g# #.# #g#
#.#
##################g#
................@#)#
################gg.#
##....# ##)#.....
#..##... .#... ## .
.### . .# .#


You could see Robin and a goblin (strong).

Vanquished Creatures
  Jessica (D:2)
  2 gnolls (D:1)
  An adder (D:2)
  A dart slug (D:3)
  5 bats
  3 endoplasms (D:1)
  3 giant cockroaches
  10 goblins
  11 hobgoblins
  8 jackals
  3 quokkas
  6 ball pythons
  2 frilled lizards (D:3)
  8 kobolds
  3 rats
67 creatures vanquished.

Notes
Turn   | Place    | Note
-------+----------+-------------------------------------------
     0 | D:1      | VictoriousLee the Gargoyle Earth Elementalist began the
                  | quest for the Orb.
     0 | D:1      | Reached XP level 1. HP: 10/10 MP: 3/3
    99 | D:1      | Reached skill level 4 in Earth Magic
   106 | D:1      | Reached XP level 2. HP: 15/15 MP: 3/5
   231 | D:1      | Reached XP level 3. HP: 9/19 MP: 2/6
   495 | D:1      | Reached skill level 5 in Earth Magic
   706 | D:1      | Found a faded altar of an unknown god.
  1057 | D:2      | Reached XP level 4. HP: 24/24 MP: 6/8
  1132 | D:2      | Noticed Jessica
  1136 | D:2      | Killed Jessica
  1183 | D:2      | Found a broken altar of Ashenzari.
  1269 | D:2      | Learned a level 3 spell: Stone Arrow
  1431 | D:2      | Identified the +8 flail of Zaekhlik {chaos, rPois SInv}
  1661 | D:3      | Reached XP level 5. HP: 27/28 MP: 7/9
  1720 | D:3      | Found Xazahaz's Antique Armour Boutique.
  1909 | D:3      | Reached skill level 6 in Earth Magic
  2060 | D:3      | Identified the +11 falchion "Subar" {flame, rElec rCorr}
  2065 | D:3      | Learned a level 2 spell: Passwall
  2306 | D:4      | Noticed Robin
  2323 | D:4      | HP: 1/28 [goblin/+0 club[Robin] (2)]
  2323 | D:4      | Constricted to death by Robin

Illustrated notes

Levels and vault maps discovered:
D:1:      dpeg_arrival_arbitrary_a, layout_loops_ring, serial_glass,
          glass_columns_a, glass_columns_b, glass_columns_c, glass_columns_a,
          glass_columns_a, glass_columns_a, basic_ecumenical_altar
D:2:      layout_rooms, basic_altar, uniq_jessica
D:3:      layout_loops_ring, serial_shops, nicolae_shop_trees,
          skrybe_limestone_x
D:4:      layout_rooms, minmay_temple_entry_wispy, uniq_robin

Skill      XL: |  1  2  3  4  5 |
---------------+----------------+-----
Earth Magic    | 4 5 6 |  6.1
Spellcasting   | 3 |  3.0
Dodging        | |  1.5
Stealth        | |  2.1
Transmutations | |  0.7

Action                     |  1- 3 |  4- 6 || total
---------------------------+-------+-------++-------
  Melee: Hand axe          |    29 |    11 ||    40
         Punch             |     1 |       ||     1
         Flail             |       |    26 ||    26
   Cast: Sandblast         |    37 |    29 ||    66
    Use: Potion            |       |     1 ||     1
 Armour: Robe              |    29 |    23 ||    52
  Dodge: Dodged            |    33 |    23 ||    56
